 Dungeon Sprint DCSS version 0.30-a0-140-gd1020e658a (webtiles) character file.

Game seed: 16157641432498462068

88 mhtbhm the Digger (level 4, -1/24 HPs)
             Began as a Gargoyle Earth Elementalist on Sept 24, 2022.
             Slain by an iguana (3 damage)
             ... in the Dungeon (Sprint IX: "|||||||||||||||||||||||||||||").
             The game lasted 00:00:37 (338 turns).

mhtbhm the Digger (Gargoyle Earth Elementalist)      Turns: 338, Time: 00:00:38

Health: -1/24      AC:  5    Str: 12    XL:     4   Next: 54%
Magic:  2/10       EV: 12    Int: 17    God:
Gold:   0          SH:  0    Dex: 10    Spells: 10/11 levels left

rFire   . . .      SeeInvis .      - Unarmed
rCold   . . .      Faith    .    (no shield)
rNeg    + . .      Spirit   .    a - +0 robe
rPois   ∞          Reflect  .    (no helmet)
rElec   +          Harm     .    (no cloak)
rCorr   .          Rampage  .    (no gloves)
Will    .....      NoTele   +    (no boots)
Stlth   ++........               (no amulet)
HPRegen 0.08/turn                (no ring)
MPRegen 0.12/turn                (no ring)

@: on berserk cooldown, hasted and slowed
A: sickness immunity, AC +3, negative energy resistance 1, electricity
resistance, torment resistance 1, petrification resistance
a: no special abilities


You were in the Dungeon.
You visited 1 branch

Inventory:

Armour
 a - a +0 robe (worn)
Scrolls
 g - a scroll of blinking
Potions
 b - 2 potions of magic
 c - a potion of curing


   Skills:
 + Level 3.2 Dodging
 + Level 3.3 Stealth
 + Level 1.1 Unarmed Combat
 + Level 4.4 Spellcasting
 + Level 0.7 Transmutations
 + Level 7.8 Earth Magic


You had 10 spell levels left.
You knew the following spells:

 Your Spells              Type           Power      Damage    Failure   Level
a - Sandblast             Erth           60%        2d14      1%          1

Your spell library contained the following spells:

 Spells                   Type           Power      Damage    Failure   Level
 Passwall                 Tmut/Erth      15%        N/A       4%          2
 Stone Arrow              Conj/Erth      34%        3d9       9%          3
 Petrify                  Tmut/Erth      18%        N/A       26%         4


Dungeon Overview and Level Annotations

Branches:
Dungeon (1/1)

Altars:


Innate Abilities, Weirdness & Mutations

You are immune to sickness and miasma.
Your stone body is resilient. (AC +3)
You are immune to poison.
You resist negative energy. (rN+)
You are resistant to electric shocks. (rElec)
You are resistant to unholy torment.
You are immune to petrification.


Message History

You feel clever. x2
You have reached level 4!
You feel stronger.
You hear some strange, mumbled words.
A puff of flame appears from out of thin air!
The puff of flame hits you.
Items here: ) †††.
You hit something.
You hear some strange, mumbled words.
Something tries to affect you, but you resist.
You hit something. You barely miss something. Something hits you.
You miss something. Something hits you but does no damage.
You closely miss something. You punch something!
Reactivating autopickup.
You feel a bit more experienced.
Your Unarmed Combat skill increases to level 1!
You hit the iguana.
The iguana is moderately wounded.
The iguana closely misses you.
You closely miss the iguana.
The iguana is moderately wounded.
You barely miss the iguana.
The iguana is moderately wounded.
You are no longer berserk.
You are exhausted.
You feel yourself slow down. The iguana bites you.
* * * LOW HITPOINT WARNING * * *
You hit the iguana.
The iguana is heavily wounded.
The iguana bites you.
* * * LOW HITPOINT WARNING * * *
You barely miss the iguana.
The iguana is heavily wounded.
The iguana barely misses you.
You hit the iguana but do no damage.
The iguana is heavily wounded.
The iguana bites you.
You die... ▓▓▓▓▓▓▓▓▓▓▓▓▓▓▓▓▓▓ +S.S..S....÷Sgl@<▓ ▓▓▓▓▓▓▓▓▓▓▓▓▓▓▓▓▓▓

You could see an iguana, a gnoll and an adder.

Vanquished Creatures
  A scorpion (D)
  An orc wizard (D)
  An endoplasm (D)
  A goblin (D)
  2 hobgoblins (D)
  A frilled lizard (D)
7 creatures vanquished.

Notes
Turn   | Place    | Note
-------+----------+-------------------------------------------
     0 | D        | mhtbhm the Gargoyle Earth Elementalist began the quest for
                  | the Orb.
     0 | D        | Reached XP level 1. HP: 10/10 MP: 3/3
     6 | D        | Reached skill level 4 in Earth Magic
   304 | D        | Noticed an iguana
   304 | D        | Noticed an orc wizard
   304 | D        | Noticed a scorpion
   325 | D        | Killed a scorpion
   326 | D        | Reached skill level 7 in Earth Magic
   326 | D        | Reached XP level 2. HP: 11/15 MP: 1/7
   326 | D        | Reached XP level 3. HP: 15/19 MP: 1/8
   326 | D        | Reached XP level 4. HP: 19/24 MP: 1/10
   333 | D        | Reached skill level 1 in Unarmed Combat
   338 | D        | Slain by an iguana

Illustrated notes

Levels and vault maps discovered:
D:        linesprint [early_d, line_temple, items_1, d_10, items_2, lair_1,
          lair_end, items_3, orc_1, orc_end, items_4, d_15, swamp_1, shoals_1,
          snake_1, spider_1, d_20, vaults_1, items_5, swamp_end, shoals_end,
          snake_end, spider_end, vaults_end, d_27, items_6, zot_1, zot_end,
          crypt_end, forest_end, elf_end, slime_end, tomb_end, abyss_end,
          pan_hell_end]

Skill      XL: |  1  2  3  4 |
---------------+-------------+-----
Dodging        | 3 |  3.2
Earth Magic    | 7 |  7.8
Stealth        | 3 |  3.3
Spellcasting   | 4 |  4.4
Unarmed Combat | 1 |  1.1
Transmutations | |  0.7

Action                   |  1- 3 |  4- 6 || total
-------------------------+-------+-------++-------
Melee: Unarmed           |     6 |    12 ||    18
 Cast: Sandblast         |    10 |       ||    10
  Use: Potion            |     4 |       ||     4
Armor: Robe              |       |     1 ||     1
Dodge: Dodged            |     9 |     2 ||    11

Table legend: (Time is in decaauts)
 A = Elapsed time spent in this place.
 B = Non-inter-level travel time spent in this place.
 C = Inter-level travel time spent in this place.
 D = Time resting spent in this place.
 E = Time spent auto-exploring this place.
 F = Levels seen in this place.
 G = Mean time per level.
                   A        B        C        D        E       F      G
               +--------+--------+--------+--------+--------+-----+--------+
         Total |    332 |    332 |      0 |    277 |      3 |   1 |  332.0 |
       Dungeon |    332 |    332 |      0 |    277 |      3 |   1 |  332.0 |
               +--------+--------+--------+--------+--------+-----+--------+

Top non-repeatable levels by time:
       D: 332 daAuts
